 Dungeon Crawl Stone Soup version 0.28.0-53-g5a82cb258f (webtiles) character file.

Game seed: 16029256296136932937

263 Zeld the Changer (level 5, -1/42 HPs)
             Began as a Draconian Transmuter on May 21, 2022.
             Killed by divine providence
             ... invoked by an orc priest
              (9 damage)
             ... on level 3 of the Dungeon.
             The game lasted 00:02:31 (3995 turns).

Zeld the Changer (Draconian Transmuter)             Turns: 3995, Time: 00:02:31

Health: -1/42      AC:  5    Str: 14    XL:     5   Next: 98%
Magic:  10/10      EV: 12    Int: 13    God:
Gold:   53         SH:  0    Dex: 12    Spells: 4/10 levels left

rFire   . . .      SeeInvis .     - Unarmed
rCold   . . .      Faith    .   (no shield)
rNeg    . . .      Spirit   .   (armour unavailable)
rPois   +          Reflect  .   (helmet restricted)
rElec   .          Harm     .   (no cloak)
rCorr   .          Rampage  .   (no gloves)
Will    .....                   (no boots)
Stlth   +.........              (no amulet)
HPRegen 0.14/turn               e - ring of poison resistance
MPRegen 0.12/turn               (no ring)

@: confused
A: AC +5, unfitting armour, cold-blooded
a: no special abilities


You were on level 3 of the Dungeon.
You visited 1 branch of the dungeon, and saw 3 of its levels.

You collected 158 gold pieces.
You spent 105 gold pieces at shops.

Inventory:

Jewellery
 e - a ring of poison resistance (left hand)
Scrolls
 a - 2 scrolls of enchant armour {unknown}
 d - a scroll of fog {unknown}
 f - a scroll of blinking {unknown}
 g - a scroll of magic mapping {unknown}
 h - a scroll of identify {unknown}
 k - 4 scrolls of noise {unknown}
 l - a scroll of enchant weapon
 m - a scroll of teleportation {unknown}
Potions
 b - a potion of curing {unknown}
 c - a potion of heal wounds {unknown}
 i - a potion of haste {unknown}
 j - a potion of resistance {unknown}


   Skills:
 + Level 2.4 Fighting
 + Level 2.5 Dodging
 - Level 3.0 Unarmed Combat
 * Level 3.4 Spellcasting
 * Level 3.6 Transmutations
 + Level 1.5 Ice Magic
 + Level 1.5 Poison Magic


You had 4 spell levels left.
You knew the following spells:

 Your Spells              Type           Power      Damage    Failure   Level
a - Beastly Appendage     Tmut           22%        N/A       4%          1
b - Wereblood             Tmut           11%        N/A       8%          2
c - Spider Form           Tmut/Pois      8%         N/A       22%         3

Your spell library contained the following spells:

 Spells                   Type           Power      Damage    Failure   Level
 Ice Form                 Ice/Tmut       8%         N/A       58%         4


Dungeon Overview and Level Annotations

Branches:
Dungeon (3/15)

Altars:

Shops:
D:3 ?


Innate Abilities, Weirdness & Mutations

Your plain brown scales are hard. (AC +5)
You cannot fit into any form of body armour.
You are cold-blooded and may be slowed by cold attacks.


Message History

You hear some strange, mumbled words.
A magic dart appears from out of thin air!
The magic dart hits you.
You barely miss something. Something hits you.
The orc priest begins to cast a cantrip, but forgets the words!
The orc priest invokes the aid of Beogh against you.
Beogh smites you!
Your magical contamination has completely faded away.
Something barely misses you.
You barely miss something.
Your transformation is almost over.
You hear some strange, mumbled words.
Something tries to affect you, but you resist.
Your transformation has ended.
You hear some strange, mumbled words.
Something tries to affect you, but you resist.
The orc priest calls down the wrath of Beogh upon you.
Beogh smites you!
* * * LOW HITPOINT WARNING * * *
An orc wizard appears from thin air!
Reactivating autopickup.
The orc wizard casts a spell at you.
You are confused.
You bump into the rock wall.
You bump into the rock wall.
You feel less confused.
There is a stone staircase leading up here.
The orc wizard gestures at you while chanting.
You are confused.
In your confused state, you trip and fall back down the stairs.
* * * LOW HITPOINT WARNING * * *
Unknown command.
The orc wizard barely misses you.
In your confused state, you trip and fall back down the stairs.
* * * LOW HITPOINT WARNING * * *
The orc wizard misses you.
Unknown command.
The orc priest mumbles some strange prayers to Beogh against you.
Beogh smites you!
You die...

##.......# #.#
##...##.#####.####
##.###.#........# #.#
#.###.#.###.##.# #.#
#.....#.# #.##.# #.#
##'#####.# #..#.# #.#
##...## #.# ##.#.# ##.#
##.....###.# ##.#.# ##..#
##.....o@##.###..#.#
##...####......oo.#........#
........'.....o...+.......##
##o..####.........####...##
##..# ##..o....## ##..####
##.# ##.....## #.....#
####.#######...## #..##.#
......oo.o..#+## #..##.#
.####^#####o#.# #..##.#


You could see an orc priest, an orc wizard and 3 orcs.

Vanquished Creatures
  Sigmund (D:3)
  Jessica (D:3)
  2 adders (D:3)
  A gnoll (D:2)
  An adder skeleton (D:3)
  A worm (D:3)
  A dart slug (D:2)
  3 orcs (D:3)
  3 ball pythons
  9 endoplasms
  2 giant cockroaches (D:3)
  A goblin (D:1)
  5 hobgoblins
  3 kobolds
  2 quokkas
  4 bats
  2 frilled lizards (D:3)
  A rat (D:3)
43 creatures vanquished.

Notes
Turn   | Place    | Note
-------+----------+-------------------------------------------
     0 | D:1      | Zeld the Draconian Transmuter began the quest for the Orb.
     0 | D:1      | Reached XP level 1. HP: 16/16 MP: 3/3
   391 | D:1      | Reached XP level 2. HP: 11/23 MP: 5/5
   752 | D:1      | Found a faded altar of an unknown god.
   950 | D:1      | Learned a level 2 spell: Wereblood
  1921 | D:2      | Reached XP level 3. HP: 28/29 MP: 4/6
  1925 | D:2      | Learned a level 3 spell: Spider Form
  2626 | D:3      | Noticed Jessica
  2633 | D:3      | Killed Jessica
  2634 | D:3      | Reached XP level 4. HP: 24/36 MP: 5/8
  2943 | D:3      | Found Nitog's Magic Scroll Shoppe.
  2953 | D:3      | Bought a scroll of enchant weapon for 105 gold pieces
  3072 | D:3      | Reached skill level 1 in Poison Magic
  3364 | D:3      | Noticed Sigmund
  3588 | D:3      | Killed Sigmund
  3589 | D:3      | Reached skill level 1 in Ice Magic
  3589 | D:3      | Reached XP level 5. HP: 42/42 MP: 3/10
  3995 | D:3      | Killed from afar by an orc priest

Illustrated notes

Levels and vault maps discovered:
D:1:      ncdulo_halloftheorcs, layout_loops_corners,
          ebering_ecumenical_altar_petrified, hangedman_decor_growths,
          hangedman_feature_mirror, kennysheep_small_spiral
D:2:      layout_loops_ring, minmay_tromino_i4
D:3:      layout_loops_corners, serial_shops, shop_scrolls, roderic_lattice_a,
          minmay_ruptured, uniq_sigmund, uniq_jessica

Skill      XL: |  1  2  3  4 |
---------------+-------------+-----
Dodging        | 2 |  2.5
Transmutations | 3 |  3.6
Fighting       | 2 |  2.4
Poison Magic   | 1 |  1.5
Spellcasting   | 3 |  3.4
Ice Magic      | 1 |  1.5
Unarmed Combat | |  3.0

Action                   |  1- 3 |  4- 6 || total
-------------------------+-------+-------++-------
Melee: Unarmed           |    76 |    63 ||   139
       Kick              |    15 |     5 ||    20
       Headbutt          |     8 |     3 ||    11
       Tailslap          |     8 |     6 ||    14
       Punch             |     2 |     1 ||     3
 Cast: Beastly Appendage |    30 |     9 ||    39
       Spider Form       |     1 |     3 ||     4
 Stab: Sleeping          |     1 |     1 ||     2
Armor: Skin              |    25 |    10 ||    35
Dodge: Dodged            |    43 |    54 ||    97
